 Dungeon Crawl Stone Soup version 0.29.1-15-g9cfb28693d (webtiles) character file.

Game seed: 5382935860640130095

20174 devnull the Cleaver (level 13, -9/92 HPs)
             Began as a Human Gladiator on Feb 26, 2023.
             Was a High Priest of Zin.
             Mangled by a death yak (16 damage)
             ... on level 2 of the Lair of Beasts on Mar 4, 2023.
             The game lasted 01:00:23 (18378 turns).

devnull the Cleaver (Human Gladiator)              Turns: 18378, Time: 01:00:24

Health: -9/92      AC: 28    Str: 22    XL:     13   Next: 10%
Magic:  19/19      EV:  9    Int: 13    God:    Zin [*****.]
Gold:   828        SH:  0    Dex: 17    Spells: 16/20 levels left

rFire   . . .      SeeInvis .   a - +5 battleaxe (elec)
rCold   . . .      Faith    .   (shield currently unavailable)
rNeg    . . .      Spirit   .   O - +3 chain mail
rPois   ∞          Reflect  .   c - +0 helmet
rElec   .          Harm     .   D - +0 cloak
rCorr   .          Rampage  +   w - +2 pair of gloves "Garghep" {Stlth+}
Will    .....                   k - +2 pair of boots {rampage}
Stlth   ..........              (no amulet)
HPRegen 0.25/turn               n - +4 ring of protection
MPRegen 0.16/turn               y - ring of poison resistance

@: vitalised
A: no striking features
a: Renounce Religion, Recite, Vitalisation, Imprison, Sanctuary, Donate Gold


You were on level 2 of the Lair of Beasts.
You worshipped Zin.
Zin was extremely pleased with you.
You visited 3 branches of the dungeon, and saw 15 of its levels.

You collected 920 gold pieces.
You donated 92 gold pieces to Zin.

Inventory:

Hand Weapons
 a - a +5 battleaxe of electrocution (weapon)
 b - the +8 morningstar of Firin {freeze, rC+ Will- Int+5}
   (You found it on level 6 of the Dungeon)

   It freezes those it strikes, dealing additional cold damage.
   It can also slow down cold-blooded creatures.
   Int:       It affects your intelligence (+5).
   rC:        It protects you from cold.
   Will:      It decreases your willpower.
 K - a +1 falchion of holy wrath
Missiles
 d - 3 throwing nets
 q - 48 poisoned darts (quivered)
 s - 6 javelins
 H - 7 atropa-tipped darts
 N - 3 silver boomerangs
Armour
 c - a +0 helmet (worn)
 k - a +2 pair of boots of rampaging (worn)
 w - the +2 pair of gloves "Garghep" (worn) {Stlth+}
   (You found it on level 3 of the Dungeon)

   Stlth:     It makes you more stealthy.
 D - a +0 cloak (worn)
 J - a +0 buckler
 O - a +3 chain mail (worn)
Jewellery
 n - a +4 ring of protection (left hand)
 o - a ring of willpower
 y - a ring of poison resistance (right hand)
 z - a ring of protection from fire
 F - a ring of see invisible
 Q - a ring of resist corrosion
 W - a +4 ring of protection
Wands
 e - a wand of mindburst (9)
 t - a wand of acid (13)
 u - a wand of digging (2)
 P - a wand of flame (19)
 V - a wand of iceblast (1)
Scrolls
 g - a scroll of butterflies
 h - 8 scrolls of teleportation
 l - a scroll of identify
 m - a scroll of amnesia
 v - 2 scrolls of poison
 A - a scroll of silence {unknown}
 E - 2 scrolls of noise {unknown}
 L - a scroll of magic mapping {unknown}
 M - 2 scrolls of blinking {unknown}
 U - a scroll of summoning {unknown}
 Y - 2 scrolls of enchant armour {unknown}
 Z - a scroll of immolation {unknown}
Potions
 f - a potion of haste {unknown}
 i - 2 potions of cancellation {unknown}
 p - 4 potions of curing
 r - 2 potions of mutation {unknown}
 x - 3 potions of lignification {unknown}
 B - 2 potions of might
 G - a potion of experience {unknown}
 I - 15 potions of ambrosia
 R - 4 potions of flight {unknown}
 S - 2 potions of attraction {unknown}
 X - a potion of berserk rage {unknown}
Miscellaneous
 C - a phantom mirror


   Skills:
 + Level 5.5 Fighting
 - Level 11.8 Axes
 - Level 6.0 Throwing
 - Level 10.0 Armour
 - Level 3.0 Dodging
 - Level 4.0 Spellcasting
 - Level 6.1 Summonings
 - Level 6.0 Air Magic
 - Level 8.0 Invocations


You had 16 spell levels left.
You knew the following spells:

 Your Spells              Type           Power      Damage    Failure   Level
a - Summon Lightning Spi  Summ/Air       18%        N/A       71%         4

Your spell library contained the following spells:

 Spells                   Type           Power      Damage    Failure   Level
 Poisonous Vapours        Pois/Air       20%        N/A       50%         2
 Static Discharge         Conj/Air       10%        3-5/arc   50%         2
 Airstrike                Air            9%         2d(2-18)  71%         4
 Foxfire                  Conj/Fire      8%         2x1d4     77%         1
 Magic Dart               Conj           8%         1d3       77%         1
 Sting                    Tmut/Pois      8%         1d3       77%         1
 Blink                    Tloc           4%         N/A       88%         2
 Ensorcelled Hibernation  Hex/Ice        4%         N/A       88%         2
 Searing Ray              Conj           4%         2d4       88%         2
 Conjure Flame            Conj/Fire      2%         6-21      98%         3
 Inner Flame              Hex/Fire       2%         N/A       98%         3
 Portal Projectile        Hex/Tloc       4%         N/A       98%         3
 Spider Form              Tmut/Pois      2%         N/A       98%         3
 Tukima's Dance           Hex            2%         N/A       98%         3
 Anguish                  Hex/Necr       1%         N/A       100%        4
 Dispel Undead            Necr           2%         3d7       100%        4
 Flame Wave               Conj/Fire      2%         2d4       100%        4
 Fulminant Prism          Conj/Hex       1%         3d6       100%        4
 Olgreb's Toxic Radiance  Pois           2%         N/A       100%        4
 Sticky Flame             Conj/Fire      2%         2d3       100%        4
 Blade Hands              Tmut           1%         N/A       100%        5
 Lightning Bolt           Conj/Air       5%         1d17      100%        5
 Manifold Assault         Tloc           2%         N/A       100%        5
 Storm Form               Tmut/Air       5%         N/A       100%        7


Dungeon Overview and Level Annotations

Branches:
Dungeon (11/15)            Temple (1/1) D:5            Lair (3/5) D:8
 Shoals (0/4) Lair:2          Orc (0/2) D:10
  Snake: Lair:2-3    Spider: Lair:2-3

Altars:
Ashenzari
Cheibriados
Dithmenos
Elyvilon
Fedhas
Gozag
Hepliaklqana
Kikubaaqudgha
Makhleb
Nemelex Xobeh
Okawaru
Qazlal
Ru
Sif Muna
Trog
Uskayaw
Vehumet
Wu Jian
Xom
Yredelemnul
Zin
The Shining One

Shops:
D:1 ((*=   D:2 :   D:4 [

Portals:
Abyss: D:11

Annotations:
D:11 2 transporters, mkat's ghost, journeyman SpIE


Message History

Unknown command.
Okay, then.
Unknown command.
Unknown command.
As you read the scroll of fear, it crumbles to dust.
You assume a fearsome visage.
The water moccasin looks frightened!
The yak looks frightened! x2; The death yak resists with some effort.
The death yak looks frightened!
The death yak easily resists.
The death yak looks frightened!
The death yak resists with almost no effort.
You feel much better.
The death yak gores you but does no damage. x2
The death yak barely misses you. The death yak gores you.
The death yak gores you but does no damage.
You climb upwards.
There is a stone staircase leading down here.
You barely miss the death yak. You hit the death yak. x2
The death yak gores you! The death yak gores you.
* * * LOW HITPOINT WARNING * * *
The death yak gores you but does no damage.
Okay, then.
Unknown command.
That's the wrong kind of item! (Use * to select it.) Evoke which item? (* to show all) (? for menu, Esc to quit)
Okay, then.
Unknown command.
Aiming: Dig
Press: ? - help, Shift-Dir - straight line A rock wall.
The rock shatters into small pieces.
The death yak gores you!
* * * LOW HITPOINT WARNING * * *
The death yak gores you but does no damage.
The death yak gores you!
* * * LOW HITPOINT WARNING * * *
You feel better.
The death yak gores you but does no damage.
The death yak gores you.
* * * LOW HITPOINT WARNING * * *
The death yak gores you!
You die...

.#####.....## #.#.###....###
### .............#####.##
.#.).#.###.....#....# ..######
##.........# >..####
#.........##
..###.######.#....P..##
.....^...# ##...#Y....##
P...#....###.#.Y@Y.....#
..........##...###....###
....#..........###.....>#
.P...........#...#......####
..........##.#...........#.###
#.........##...#.........)...#
............................##
...(....P...####............#
.......##....# ###......#.#.#


You could see 3 death yaks.

Vanquished Creatures
  A two-headed ogre (D:9)
  A catoblepas (Lair:1)
  2 hydras (Lair:1)
  A death yak (D:7)
  5 elephants
  2 manticores
  Joseph (D:10)
  2 black mambas
  2 cane toads (Lair:1)
  2 komodo dragons (Lair:2)
  A rime drake (Lair:2)
  A queen bee (Lair:2)
  A troll (D:11)
  A wind drake (Lair:2)
  A hornet (D:9)
  Sigmund (D:2)
  2 wraiths (D:10)
  12 yaks
  A wyvern (D:8)
  3 basilisks
  A steam dragon (D:7)
  4 water moccasins
  Duvessa (D:4)
  A black bear (D:8)
  3 ice beasts
  5 orc warriors
  3 ogres
  14 wolves
  7 centaurs
  A phantom (D:4)
  5 kobold brigands
  Blork the orc (D:4)
  3 scorpions
  10 bullfrogs
  A gnoll sergeant (D:6)
  3 necrophages
  Dowan (D:4)
  50 killer bees
  An electric eel (D:7)
  5 howler monkeys
  4 crimson imps (D:5)
  3 hounds (D:6)
  5 orc priests
  3 jellies
  3 iron imps (D:6)
  A gnoll bouda (D:6)
  3 iguanas
  Ijyb (D:2)
  4 hell rats (Lair:2)
  11 orc wizards
  Robin (D:3)
  11 gnolls
  11 adders
  2 shadow imps (D:6)
  3 white imps
  An ufetubus (D:4)
  5 worms
  2 dart slugs
  31 orcs
  6 bats
  10 endoplasms
  4 giant cockroaches
  20 goblins
  19 hobgoblins
  3 jackals (D:2)
  4 quokkas
  7 ball pythons
  4 frilled lizards
  19 kobolds
  8 rats
372 creatures vanquished.

Vanquished Creatures (others)
  2 fungi (Lair:2)
  19 plants
21 creatures vanquished.

Grand Total: 393 creatures vanquished

Notes
Turn   | Place    | Note
-------+----------+-------------------------------------------
     0 | D:1      | devnull the Human Gladiator began the quest for the Orb.
     0 | D:1      | Reached XP level 1. HP: 16/16 MP: 1/1
    39 | D:1      | Found Joepah's Antique Weapon Boutique.
    59 | D:1      | Reached XP level 2. HP: 12/22 MP: 2/2
   336 | D:1      | Found Vomnus's Weapon Shop.
   502 | D:1      | Found Wudaet's Assorted Antiques.
   518 | D:1      | Reached skill level 4 in Axes
   518 | D:1      | Reached XP level 3. HP: 26/27 MP: 3/3
   553 | D:1      | Found Ocamut's Jewellery Shop.
   947 | D:2      | Reached XP level 4. HP: 33/33 MP: 4/4
  1045 | D:2      | Found Ynafad's Book Shop.
  1182 | D:2      | Noticed Sigmund
  1490 | D:2      | Killed Sigmund
  1491 | D:2      | Reached skill level 6 in Axes
  1491 | D:2      | Reached XP level 5. HP: 24/38 MP: 5/5
  1491 | D:2      | Reached XP level 6. HP: 28/44 MP: 6/6
  1705 | D:2      | Noticed Ijyb
  1725 | D:2      | Killed Ijyb
  2220 | D:3      | Reached skill level 7 in Axes
  2374 | D:3      | Noticed Robin
  2387 | D:3      | Reached XP level 7. HP: 38/50 MP: 7/7
  2389 | D:3      | Killed Robin
  2399 | D:3      | Found an ancient bone altar of Kikubaaqudgha.
  2630 | D:3      | Identified the +2 pair of gloves "Garghep" {Stlth+}
  2750 | D:3      | Found a white marble altar of Elyvilon.
  2901 | D:3      | Became a worshipper of Elyvilon the Healer
  3107 | D:4      | Noticed Dowan
  3108 | D:4      | Noticed Duvessa
  3125 | D:4      | Killed Duvessa
  3129 | D:4      | Killed Dowan
  3144 | D:4      | Found a hazy altar of Hepliaklqana.
  3333 | D:4      | Found Nipsy's Armour Shoppe.
  3403 | D:4      | Noticed Blork the orc
  3413 | D:4      | Killed Blork the orc
  3675 | D:4      | Reached * piety under Elyvilon
  3701 | D:4      | Reached skill level 5 in Throwing
  3701 | D:4      | Reached XP level 8. HP: 49/56 MP: 8/8
  4082 | D:5      | Entered Level 5 of the Dungeon
  4133 | D:5      | Reached skill level 8 in Axes
  4452 | D:5      | Found a shadowy altar of Dithmenos.
  4589 | D:5      | Found a staircase to the Ecumenical Temple.
  4605 | Temple   | Entered the Ecumenical Temple
  4679 | D:5      | Reached ** piety under Elyvilon
  4794 | D:5      | Found a glowing silver altar of Zin.
  4810 | D:5      | Fell from the grace of Elyvilon
  4810 | D:5      | Became a worshipper of Zin the Law-Giver
  4810 | D:5      | Reached * piety under Zin
  4976 | D:5      | Found a shimmering altar of Xom.
  4986 | D:5      | Reached skill level 9 in Axes
  5091 | D:5      | Found a sparkling altar of Nemelex Xobeh.
  5359 | D:6      | Reached XP level 9. HP: 32/61 MP: 9/9
  5656 | D:6      | Reached skill level 10 in Axes
  5742 | D:6      | Reached ** piety under Zin
  5749 | D:6      | Noticed a moth of wrath
  5751 | D:6      | Found a bloodstained altar of Trog.
  5769 | D:6      | Identified the +8 morningstar of Firin {freeze, rC+ Will-
                  | Int+5}
  5771 | D:6      | Identified the +5 morningstar of Eternal Vigilance {vorpal,
                  | rF+ rN+ Dex+4}
  6136 | D:6      | Reached skill level 11 in Axes
  6149 | D:6      | HP: 2/61 [centaur/arrow (8)]
  6239 | D:6      | Reached *** piety under Zin
  6455 | D:6      | Reached **** piety under Zin
  6685 | D:6      | Found a burning altar of Makhleb.
  7192 | D:7      | Found a sacrificial altar of Ru.
  7231 | D:7      | Reached skill level 1 in Armour
  7231 | D:7      | Reached XP level 10. HP: 68/68 MP: 10/10
  7270 | D:7      | Found a glowing golden altar of the Shining One.
  7337 | D:7      | Found a hide-covered altar of Uskayaw.
  7362 | D:7      | Found an iron altar of Okawaru.
  7368 | D:7      | Found a snail-covered altar of Cheibriados.
  7984 | D:7      | Found a radiant altar of Vehumet.
  8208 | D:8      | Learned a level 4 spell: Summon Lightning Spire
  8292 | D:8      | Found a broken altar of Ashenzari.
  8333 | D:8      | Noticed an elephant
  8346 | D:8      | Noticed a death yak
  8393 | D:7      | Killed a death yak
  8632 | D:8      | Killed an elephant
  8988 | D:8      | Found a staircase to the Lair.
  9257 | D:8      | Reached skill level 5 in Summonings
  9328 | D:8      | Found a shimmering blue altar of Sif Muna.
 10260 | D:9      | Reached XP level 11. HP: 78/78 MP: 11/11
 10287 | D:9      | Reached skill level 1 in Invocations
 10407 | D:9      | Noticed a two-headed ogre
 10433 | D:9      | Killed a two-headed ogre
 10559 | D:9      | Reached skill level 5 in Invocations
 11299 | D:10     | Entered Level 10 of the Dungeon
 11299 | D:10     | Noticed Joseph
 11312 | D:10     | Killed Joseph
 11446 | D:10     | Reached ***** piety under Zin
 11680 | D:10     | Reached skill level 1 in Air Magic
 11699 | D:10     | Found a stormy altar of Qazlal.
 11752 | D:10     | Found a staircase to the Orcish Mines.
 11853 | D:10     | Found a runed translucent door.
 11856 | D:10     | Found a basalt altar of Yredelemnul.
 12171 | D:10     | Found an ornate altar of the Wu Jian Council.
 12176 | D:10     | Found an opulent altar of Gozag.
 12424 | D:11     | Found a one-way gate to the infinite horrors of the Abyss.
 12431 | D:11     | Found a transporter.
 12440 | D:11     | Found a transporter.
 12440 | D:11     | Noticed mkat's ghost (journeyman SpIE)
 12600 | D:11     | Reached skill level 5 in Air Magic
 13094 | D:11     | Noticed a manticore
 13102 | D:11     | Killed a manticore
 13487 | Lair:1   | Entered Level 1 of the Lair of Beasts
 13504 | Lair:1   | Reached XP level 12. HP: 15/85 MP: 18/18
 13847 | Lair:1   | Noticed a catoblepas
 13873 | Lair:1   | Killed a catoblepas
 14247 | Lair:1   | Noticed an eight-headed hydra
 14265 | Lair:1   | Killed an eight-headed hydra
 14459 | Lair:1   | Noticed an eight-headed hydra
 14931 | Lair:1   | Reached skill level 5 in Fighting
 15170 | Lair:1   | Killed a 13-headed hydra
 15171 | Lair:1   | Reached skill level 5 in Armour
 15618 | Lair:1   | You fall into a shaft and drop 1 floor!
 15724 | Lair:2   | HP: 4/86 [killer bee (4)]
 15738 | Lair:2   | HP: 3/86 [killer bee (5)]
 15738 | Lair:2   | HP: 1/86 [killer bee (2)]
 16696 | Lair:2   | Identified the +8 long sword of Efuherhe {spect, rElec rC+
                  | SInv}
 16734 | Lair:2   | Reached XP level 13. HP: 23/91 MP: 19/19
 17428 | Lair:1   | Reached skill level 10 in Armour
 17824 | Lair:2   | Found a staircase to the Shoals.
 18196 | Lair:3   | Noticed a catoblepas
 18196 | Lair:3   | Noticed a catoblepas
 18377 | Lair:2   | HP: 2/92 [death yak (10)]
 18378 | Lair:2   | Mangled by a death yak

Illustrated notes

Levels and vault maps discovered:
D:1:      onia_arrival_pyramid, layout_rooms, serial_shops, nicolae_shop_stone,
          nicolae_shop_temple_entry_statues_fountains, nicolae_lakefront_shop,
          shop, minmay_bisected
D:2:      kennysheep_the_goblin_king, layout_loops_ring, serial_shops, shop,
          kennysheep_generic_room_10, uniq_sigmund
D:3:      layout_rooms, overflow_temple_1_default, nicolae_elyvilon_temple_path,
          minmay_misc_feat_five, uniq_robin
D:4:      layout_loops_ring, nicolae_hepliaklqana_hazy_memory, serial_shops,
          nicolae_shop_crystal, serial_bayou_pond_d, dk_noncrumbling_3,
          uniq_blork_the_orc, uniq_duvessa
D:5:      layout_basic, led_xom_imps, nicolae_overflow_crystal_walls,
          kennysheep_mini, mainiacjoe_overflow_concentric_impassable,
          minmay_temple_entry_glass
D:6:      kennysheep_housing_project, layout_rooms, tgw_trog, demons_altar
D:7:      layout_rooms, overflow_temple_1_default,
          mainiacjoe_overflow_small_starburst, nicolae_vehumet_altar_sigil,
          nicolae_overflow_squiral, tso_metal_star
D:8:      layout_layer_cave, kennysheep_orc_sif_temple,
          ashenzari_conservatory_becter, david_lair_generic,
          kennysheep_generic_room_9
D:9:      layout_basic, minivault_23
D:10:     layout_rooms, dk_yredelemnul_ordeal, nicolae_qazlal_eye_of_the_storm,
          mainiacjoe_overflow_big_doors, david_orc_2, uniq_joseph
D:11:     layout_irregular_city, gammafunk_ghost_abyssal_escape
Temple:   ebering_the_one_and_only
Lair:1:   layout_regular_city
Lair:2:   layout_misc_corridors, minmay_shoals_entry_beasts, special_room
          [special_room_bee], lemuel_fruit_tree
Lair:3:   nzn_motion_control, layout_big_grid, nicolae_spider_entry_tight_spaces

Skill      XL: |  1  2  3  4  5  6  7  8  9 10 11 12 13 |
---------------+----------------------------------------+-----
Axes           | 4 6 7 9 11 | 11.8
Throwing       | 5 6 |  6.0
Armour         | 1 4 9 10 | 10.0
Fighting       | 4 5 |  5.5
Summonings     | 6 |  6.1
Invocations    | 8 |  8.0
Air Magic      | 6 |  6.0
Spellcasting   | 4 |  4.0
Dodging        | |  3.0

Action                   |  1- 3 |  4- 6 |  7- 9 | 10-12 | 13-15 || total
-------------------------+-------+-------+-------+-------+-------++-------
Melee: War axe           |    68 |   129 |    50 |       |       ||   247
       Punch             |     2 |     3 |     3 |     1 |       ||     9
       Battleaxe         |       |       |   170 |   552 |    38 ||   760
       Morningstar       |       |       |    51 |     9 |       ||    60
Throw: Throwing net      |       |     6 |     2 |     1 |       ||     9
       Javelin           |       |     1 |     1 |    14 |       ||    16
       Dart              |       |       |    31 |    24 |       ||    55
Invok: Recite            |       |       |     6 |     3 |       ||     9
       Vitalisation      |       |       |       |    10 |     1 ||    11
Evoke: Wand              |       |       |     1 |     5 |     1 ||     7
  Use: Scroll            |     1 |       |     3 |     3 |     7 ||    14
       Potion            |       |     2 |     3 |     6 |     2 ||    13
 Stab: Held in net/web   |       |       |       |     1 |       ||     1
       Invisible         |       |       |       |     2 |       ||     2
       Confused          |       |       |       |     1 |       ||     1
       Petrified         |       |       |       |     5 |       ||     5
Armor: Leather armour    |    10 |       |       |       |       ||    10
       Chain mail        |    12 |       |       |   749 |    39 ||   800
       Plate armour      |    26 |    92 |   279 |    82 |       ||   479
Dodge: Dodged            |    34 |    34 |    96 |   431 |    20 ||   615
